AoeStats
← sir8Lampard

Nomad

506350565Analyzed
3v3 RM · 21d ago on Sep 13, 2026· 45m 11s· 6 players
Game mode
Random Map
Map size
210×210
Population
200
Speed
Normal
Resources
Standard
Victory
Conquest
Starting age
Dark Age
Ending age
Imperial Age
RankedLock teamsTeams togetherTeam positionsShared explorationLock speedFull tech treeHidden civsTurbo modeCheats
Victory
Defeat
🇨🇳 Huns · China
687
+10
🇧🇪 Celts · Belgium
638
+11
🇨🇳 Poles · China
604
+13
🇷🇴 Byzantines · Romania
543
-11
🇷🇴 Spanish · Romania
529
-11
🇷🇴 Britons · Romania
529
-11
sir8Lampard
5:45 Loom
16:05 Feudal Age
16:11 Man-at-Arms
17:52 Wheelbarrow
25:02 Double-Bit Axe
26:36 Stone Mining
26:37 Gold Mining
30:26 Castle Age
32:07 Hand Cart
33:41 Bow Saw
36:10 Gold Shaft Mining
36:10 Stone Shaft Mining
40:40 Imperial Age
38:20 Horse Collar
41:44 Conscription
41:43 Heavy Plow
43:25 Chemistry
43:43 Siege Engineers
44:17 Pikeman
杜蕾斯
3:48 Loom
14:05 Feudal Age
15:13 Double-Bit Axe
17:01 Horse Collar
19:42 Bloodlines
20:42 Scale Barding Armor
20:57 Bloodlines
21:31 Scale Barding Armor
22:59 Forging
28:51 Castle Age
28:38 Arson
31:48 Heavy Plow
31:40 Gold Mining
31:41 Stone Mining
32:05 Bow Saw
33:26 Wheelbarrow
34:28 Town Watch
35:42 Hand Cart
35:51 Masonry
35:55 Husbandry
39:06 Imperial Age
38:11 Gold Shaft Mining
38:40 Iron Casting
39:30 Town Patrol
40:18 Conscription
39:55 Cavalier
40:48 Marauders
41:21 Parthian Tactics
40:17 Heavy Cavalry Archer
40:36 Elite Skirmisher
42:22 Blast Furnace
41:42 Chain Barding Armor
41:23 Scale Mail Armor
41:14 Fletching
41:24 Padded Archer Armor
41:25 Capped Ram
43:35 Ballistics
45:52 Plate Barding Armor
45:12 Bodkin Arrow
45:32 Leather Archer Armor
46:20 Chemistry
湛叔
17:46 Feudal Age
18:07 Fishing Lines
19:19 Wheelbarrow
20:03 Double-Bit Axe
30:32 Man-at-Arms
33:22 Castle Age
31:35 Forging
31:26 Scale Mail Armor
34:47 Iron Casting
34:28 Chain Mail Armor
34:17 Long Swordsman
34:59 Squires
34:46 Arson
37:13 Bow Saw
36:56 Gillnets
37:33 Hand Cart
37:12 Stone Mining
37:13 Gold Mining
37:21 Pikeman
tamaco
4:27 Loom
19:04 Feudal Age
19:16 Man-at-Arms
20:37 Wheelbarrow
20:23 Fishing Lines
21:02 Scale Mail Armor
23:00 Fletching
23:21 Forging
23:15 Horse Collar
30:36 Castle Age
30:06 Scale Barding Armor
30:12 Double-Bit Axe
30:23 Stone Mining
30:24 Gold Mining
30:39 Pikeman
31:21 Squires
32:01 Gillnets
33:56 Ballistics
35:41 Hand Cart
35:32 Heavy Plow
35:50 Bow Saw
37:25 Murder Holes
38:27 Fortified Wall
39:25 Medium Warships
40:23 Bodkin Arrow
41:11 Caravan
44:32 Chain Mail Armor
fraud w0bble
17:52 Loom
20:11 Feudal Age
20:20 Man-at-Arms
25:40 Gold Mining
29:45 Double-Bit Axe
35:04 Castle Age
33:17 Horse Collar
34:22 Scale Barding Armor
37:34 Fortified Wall
37:36 Bloodlines
40:59 Bow Saw
41:43 Town Watch
42:08 Fletching
43:47 Medium Warships
Mopi
17:24 Feudal Age
19:01 Wheelbarrow
18:09 Horse Collar
18:21 Double-Bit Axe
19:05 Scale Mail Armor
18:57 Fletching
19:54 Town Watch
25:03 Castle Age
24:08 Forging
26:17 Pikeman
28:11 Squires
31:42 Murder Holes
32:36 Caravan
33:29 Bow Saw
34:25 Bodkin Arrow
34:40 Padded Archer Armor
35:16 Iron Casting
34:59 Hand Cart
35:08 Gold Mining
35:19 Stone Mining
36:32 Heavy Plow
39:01 Town Patrol
42:50 Imperial Age
43:26 Yeomen
43:43 Elite Longbowman
45:06 Conscription
45:57 Ballistics
Connection lost

Rejoining the realm…

Still unreachable

The connection could not be restored.

Session expired

The server has moved on; the page needs a fresh start.